%YAML 1.1
%TAG !u! tag:unity3d.com,2011:
--- !u!1 &8035109149825228907
GameObject:
  m_ObjectHideFlags: 0
  m_CorrespondingSourceObject: {fileID: 0}
  m_PrefabInstance: {fileID: 0}
  m_PrefabAsset: {fileID: 0}
  serializedVersion: 6
  m_Component:
  - component: {fileID: 8035109149825228906}
  - component: {fileID: 8035109149825228916}
  - component: {fileID: 3656942900228599839}
  - component: {fileID: 8035109149825228917}
  m_Layer: 5
  m_Name: OwnTextures
  m_TagString: Untagged
  m_Icon: {fileID: 0}
  m_NavMeshLayer: 0
  m_StaticEditorFlags: 0
  m_IsActive: 1
--- !u!224 &8035109149825228906
RectTransform:
  m_ObjectHideFlags: 0
  m_CorrespondingSourceObject: {fileID: 0}
  m_PrefabInstance: {fileID: 0}
  m_PrefabAsset: {fileID: 0}
  m_GameObject: {fileID: 8035109149825228907}
  m_LocalRotation: {x: 0, y: 0, z: 0, w: 1}
  m_LocalPosition: {x: 0, y: 0, z: 0}
  m_LocalScale: {x: 1, y: 1, z: 1}
  m_Children:
  - {fileID: 1138413145741429192}
  m_Father: {fileID: 0}
  m_RootOrder: 0
  m_LocalEulerAnglesHint: {x: 0, y: 0, z: 0}
  m_AnchorMin: {x: 0, y: 0}
  m_AnchorMax: {x: 0, y: 0}
  m_AnchoredPosition: {x: 0, y: 0}
  m_SizeDelta: {x: 64, y: 64}
  m_Pivot: {x: 0.5, y: 0.5}
--- !u!222 &8035109149825228916
CanvasRenderer:
  m_ObjectHideFlags: 0
  m_CorrespondingSourceObject: {fileID: 0}
  m_PrefabInstance: {fileID: 0}
  m_PrefabAsset: {fileID: 0}
  m_GameObject: {fileID: 8035109149825228907}
  m_CullTransparentMesh: 0
--- !u!114 &3656942900228599839
MonoBehaviour:
  m_ObjectHideFlags: 0
  m_CorrespondingSourceObject: {fileID: 0}
  m_PrefabInstance: {fileID: 0}
  m_PrefabAsset: {fileID: 0}
  m_GameObject: {fileID: 8035109149825228907}
  m_Enabled: 1
  m_EditorHideFlags: 0
  m_Script: {fileID: 11500000, guid: fc42c3fc4b257ba40a19e4175168f6e7, type: 3}
  m_Name: 
  m_EditorClassIdentifier: 
  selectors:
  - {fileID: 8035109149825228907, guid: 9be1fb98cb7e6cf4abc42649d1e24333, type: 3}
  - {fileID: 8035109149825228907, guid: 4417b07f3c74f77409173cc26510ab34, type: 3}
  categoryName: Eigene Texturen
--- !u!114 &8035109149825228917
MonoBehaviour:
  m_ObjectHideFlags: 0
  m_CorrespondingSourceObject: {fileID: 0}
  m_PrefabInstance: {fileID: 0}
  m_PrefabAsset: {fileID: 0}
  m_GameObject: {fileID: 8035109149825228907}
  m_Enabled: 1
  m_EditorHideFlags: 0
  m_Script: {fileID: -765806418, guid: f70555f144d8491a825f0804e09c671c, type: 3}
  m_Name: 
  m_EditorClassIdentifier: 
  m_Material: {fileID: 0}
  m_Color: {r: 1, g: 1, b: 1, a: 1}
  m_RaycastTarget: 1
  m_OnCullStateChanged:
    m_PersistentCalls:
      m_Calls: []
    m_TypeName: UnityEngine.UI.MaskableGraphic+CullStateChangedEvent, UnityEngine.UI,
      Version=1.0.0.0, Culture=neutral, PublicKeyToken=null
  m_Sprite: {fileID: 0}
  m_Type: 0
  m_PreserveAspect: 0
  m_FillCenter: 1
  m_FillMethod: 4
  m_FillAmount: 1
  m_FillClockwise: 1
  m_FillOrigin: 0
  m_UseSpriteMesh: 0
--- !u!1001 &2306819397394212746
PrefabInstance:
  m_ObjectHideFlags: 0
  serializedVersion: 2
  m_Modification:
    m_TransformParent: {fileID: 8035109149825228906}
    m_Modifications:
    - target: {fileID: 3444986243184864834, guid: 1abe99ee36e72324e8e10243ae2afa68,
        type: 3}
      propertyPath: m_LocalPosition.x
      value: 0
      objectReference: {fileID: 0}
    - target: {fileID: 3444986243184864834, guid: 1abe99ee36e72324e8e10243ae2afa68,
        type: 3}
      propertyPath: m_LocalPosition.y
      value: 0
      objectReference: {fileID: 0}
    - target: {fileID: 3444986243184864834, guid: 1abe99ee36e72324e8e10243ae2afa68,
        type: 3}
      propertyPath: m_LocalPosition.z
      value: 0
      objectReference: {fileID: 0}
    - target: {fileID: 3444986243184864834, guid: 1abe99ee36e72324e8e10243ae2afa68,
        type: 3}
      propertyPath: m_LocalRotation.x
      value: 0
      objectReference: {fileID: 0}
    - target: {fileID: 3444986243184864834, guid: 1abe99ee36e72324e8e10243ae2afa68,
        type: 3}
      propertyPath: m_LocalRotation.y
      value: 0
      objectReference: {fileID: 0}
    - target: {fileID: 3444986243184864834, guid: 1abe99ee36e72324e8e10243ae2afa68,
        type: 3}
      propertyPath: m_LocalRotation.z
      value: 0
      objectReference: {fileID: 0}
    - target: {fileID: 3444986243184864834, guid: 1abe99ee36e72324e8e10243ae2afa68,
        type: 3}
      propertyPath: m_LocalRotation.w
      value: 1
      objectReference: {fileID: 0}
    - target: {fileID: 3444986243184864834, guid: 1abe99ee36e72324e8e10243ae2afa68,
        type: 3}
      propertyPath: m_RootOrder
      value: 0
      objectReference: {fileID: 0}
    - target: {fileID: 3444986243184864834, guid: 1abe99ee36e72324e8e10243ae2afa68,
        type: 3}
      propertyPath: m_LocalEulerAnglesHint.x
      value: 0
      objectReference: {fileID: 0}
    - target: {fileID: 3444986243184864834, guid: 1abe99ee36e72324e8e10243ae2afa68,
        type: 3}
      propertyPath: m_LocalEulerAnglesHint.y
      value: 0
      objectReference: {fileID: 0}
    - target: {fileID: 3444986243184864834, guid: 1abe99ee36e72324e8e10243ae2afa68,
        type: 3}
      propertyPath: m_LocalEulerAnglesHint.z
      value: 0
      objectReference: {fileID: 0}
    - target: {fileID: 3444986243184864834, guid: 1abe99ee36e72324e8e10243ae2afa68,
        type: 3}
      propertyPath: m_AnchoredPosition.x
      value: 0
      objectReference: {fileID: 0}
    - target: {fileID: 3444986243184864834, guid: 1abe99ee36e72324e8e10243ae2afa68,
        type: 3}
      propertyPath: m_AnchoredPosition.y
      value: 0
      objectReference: {fileID: 0}
    - target: {fileID: 3444986243184864834, guid: 1abe99ee36e72324e8e10243ae2afa68,
        type: 3}
      propertyPath: m_SizeDelta.x
      value: 0
      objectReference: {fileID: 0}
    - target: {fileID: 3444986243184864834, guid: 1abe99ee36e72324e8e10243ae2afa68,
        type: 3}
      propertyPath: m_SizeDelta.y
      value: 0
      objectReference: {fileID: 0}
    - target: {fileID: 3444986243184864834, guid: 1abe99ee36e72324e8e10243ae2afa68,
        type: 3}
      propertyPath: m_AnchorMin.x
      value: 0
      objectReference: {fileID: 0}
    - target: {fileID: 3444986243184864834, guid: 1abe99ee36e72324e8e10243ae2afa68,
        type: 3}
      propertyPath: m_AnchorMin.y
      value: 0
      objectReference: {fileID: 0}
    - target: {fileID: 3444986243184864834, guid: 1abe99ee36e72324e8e10243ae2afa68,
        type: 3}
      propertyPath: m_AnchorMax.x
      value: 1
      objectReference: {fileID: 0}
    - target: {fileID: 3444986243184864834, guid: 1abe99ee36e72324e8e10243ae2afa68,
        type: 3}
      propertyPath: m_AnchorMax.y
      value: 1
      objectReference: {fileID: 0}
    - target: {fileID: 3444986243184864834, guid: 1abe99ee36e72324e8e10243ae2afa68,
        type: 3}
      propertyPath: m_Pivot.x
      value: 0.5
      objectReference: {fileID: 0}
    - target: {fileID: 3444986243184864834, guid: 1abe99ee36e72324e8e10243ae2afa68,
        type: 3}
      propertyPath: m_Pivot.y
      value: 0.5
      objectReference: {fileID: 0}
    - target: {fileID: 1692977908334794529, guid: 1abe99ee36e72324e8e10243ae2afa68,
        type: 3}
      propertyPath: m_Name
      value: Hotkey
      objectReference: {fileID: 0}
    - target: {fileID: 2821141239108621996, guid: 1abe99ee36e72324e8e10243ae2afa68,
        type: 3}
      propertyPath: m_textInfo.characterCount
      value: 1
      objectReference: {fileID: 0}
    - target: {fileID: 2821141239108621996, guid: 1abe99ee36e72324e8e10243ae2afa68,
        type: 3}
      propertyPath: m_textInfo.wordCount
      value: 1
      objectReference: {fileID: 0}
    - target: {fileID: 2821141239108621996, guid: 1abe99ee36e72324e8e10243ae2afa68,
        type: 3}
      propertyPath: m_textInfo.lineCount
      value: 1
      objectReference: {fileID: 0}
    - target: {fileID: 2821141239108621996, guid: 1abe99ee36e72324e8e10243ae2afa68,
        type: 3}
      propertyPath: m_textInfo.pageCount
      value: 1
      objectReference: {fileID: 0}
    m_RemovedComponents: []
  m_SourcePrefab: {fileID: 100100000, guid: 1abe99ee36e72324e8e10243ae2afa68, type: 3}
--- !u!224 &1138413145741429192 stripped
RectTransform:
  m_CorrespondingSourceObject: {fileID: 3444986243184864834, guid: 1abe99ee36e72324e8e10243ae2afa68,
    type: 3}
  m_PrefabInstance: {fileID: 2306819397394212746}
  m_PrefabAsset: {fileID: 0}
